 Dungeon Crawl Stone Soup version 0.28-a0-1506-g3893175d92 (webtiles) character file.

Game seed: 13633921986719229888

8 Essalna the Firebug (level 2, 13/19 HPs)
             Began as a Demonspawn Fire Elementalist on Jan 14, 2022.
             Got out of the dungeon alive.
             The game lasted 00:01:19 (402 turns).

Essalna the Firebug (Demonspawn Fire Elementalist)   Turns: 402, Time: 00:01:20

Health: 13/19      AC:  2    Str:  8    XL:     2   Next: 0%
Magic:  1/5        EV: 12    Int: 16    God:
Gold:   14         SH:  0    Dex: 13    Spells: 4/5 levels left

rFire   + . .      SeeInvis .   d - staff of conjuration
rCold   + . .      Faith    .   (no shield)
rNeg    . . .      Spirit   .   c - +0 robe {rC+ rF+}
rPois   +          Reflect  .   (no helmet)
rElec   .          Harm     .   (no cloak)
rCorr   .          Rampage  .   (no gloves)
Will    .....                   (no boots)
Stlth   ++........              (no amulet)
HPRegen 0.06/turn               b - ring of poison resistance
MPRegen 0.09/turn               (no ring)

@: no status effects
A: hooves 1
a: no special abilities


You escaped.
You visited 1 branch of the dungeon, and saw 1 of its levels.

You collected 14 gold pieces.

Inventory:

Armour
 a - a +0 robe
 c - a +0 robe of resistance (worn)
Magical Staves
 d - a staff of conjuration (weapon)
Jewellery
 b - a ring of poison resistance (left hand)
Potions
 e - a potion of mutation {unknown}


   Skills:
 - Level 1.7 Dodging
 - Level 1.7 Stealth
 + Level 2.2 Spellcasting
 + Level 1.4 Conjurations
 + Level 2.9 Fire Magic


You had 4 spell levels left.
You knew the following spells:

 Your Spells              Type           Power      Damage    Failure   Level
a - Foxfire               Conj/Fire      52%        2x1d6     9%          1

Your spell library contained the following spells:

 Spells                   Type           Power      Damage    Failure   Level
 Scorch                   Fire           22%        2d6       10%         2
 Conjure Flame            Conj/Fire      13%        6-21      26%         3
 Inner Flame              Hex/Fire       6%         N/A       32%         3
 Flame Wave               Conj/Fire      13%        2d5       63%         4


Dungeon Overview and Level Annotations

Branches:
Dungeon (1/15)

Altars:


Innate Abilities, Weirdness & Mutations

You have large cloven feet.


Message History

A kobold comes into view.
It is wielding a +1 short sword of draining.
You feel a surge of power!
You miscast Foxfire.
You are very lightly contaminated with residual magic.
Nothing appears to happen.
The foxfire hits the ball python.
You kill the ball python!
A kobold is nearby!
You are too depleted to draw on your mana recklessly!
You are too depleted to draw on your mana recklessly!
The foxfire hits the kobold.
The kobold is severely wounded.
You are too depleted to draw on your mana recklessly!
A goblin comes into view. It is wielding a +0 club.
Your magical contamination has completely faded away.
There is a stone staircase leading down here.
Casting: Foxfire (safe; 9% risk of failure)
Confirm with . or Enter, or press ? or * to list all spells.
You feel a surge of power!
You conjure some foxfire!
The kobold hits you with a +1 short sword of draining.
You feel drained.
You miss the kobold.
The kobold is severely wounded.
The foxfire hits the kobold.
You kill the kobold!
The foxfire hits the goblin.
The goblin is heavily wounded.
Casting: Foxfire (safe; 9% risk of failure)
Confirm with . or Enter, or press ? or * to list all spells.
You feel a surge of power!
You conjure some foxfire!
The foxfire hits the goblin.
You kill the goblin!
Your life force feels restored.
You have reached level 2!
You feel monstrous as your demonic heritage exerts itself.
Your demonic ancestry asserts itself...
Your feet thicken and deform.
You see here a +0 club.
Your foxfire dissipates!
There is a staircase leading out of the dungeon here.
Are you sure you want to leave the Dungeon?
This will make you lose the game!
You have escaped!

..........)......)......>..##
.
################.#######.#..#
.. #.# #.#..# ...
###.#######.##.#....
##≈#.#≈##....g.......
##≈P....≈######...###.
#≈P8P..8.≈# .....#
##≈P....≈## #......#
#≈P.@.♣≈# #....#.#
#≈P8P.♣8♣≈# #....#...
##≈P≈.≈♣≈## ###+###..#
##≈#.#≈## ..# ###.### #.# #.#
#.#


There were no monsters in sight!

Vanquished Creatures
  3 ball pythons (D:1)
  A goblin (D:1)
  A bat (D:1)
  A frilled lizard (D:1)
  2 kobolds (D:1)
8 creatures vanquished.

Vanquished Creatures (others)
  15 foxfires (D:1)
  4 toadstools (D:1)
19 creatures vanquished.

Grand Total: 27 creatures vanquished

Notes
Turn   | Place    | Note
-------+----------+-------------------------------------------
     0 | D:1      | Essalna the Demonspawn Fire Elementalist began the quest
                  | for the Orb.
     0 | D:1      | Reached XP level 1. HP: 13/13 MP: 3/3
   387 | D:1      | Discovered your monstrous ancestry.
   387 | D:1      | Gained mutation: You have large cloven feet. [demonic
                  | ancestry]
   387 | D:1      | Reached XP level 2. HP: 12/19 MP: 0/5
   402 | D:$      | Got out of the dungeon alive.

Illustrated notes

Levels and vault maps discovered:
D:1:      ldierk_walled_garden_2, layout_basic

Action                   || total
-------------------------++-------
Melee: Staff             ||     3
       Unarmed           ||     1
 Cast: Foxfire           ||    10
Armor: Robe              ||     1
Dodge: Dodged            ||     1

Table legend: (Time is in decaauts)
 A = Elapsed time spent in this place.
 B = Non-inter-level travel time spent in this place.
 C = Inter-level travel time spent in this place.
 D = Time resting spent in this place.
 E = Time spent auto-exploring this place.
 F = Levels seen in this place.
 G = Mean time per level.
                   A        B        C        D        E       F      G
               +--------+--------+--------+--------+--------+-----+--------+
         Total |    401 |    387 |     14 |      0 |    295 |   1 |  401.0 |
       Dungeon |    401 |    387 |     14 |      0 |    295 |   1 |  401.0 |
               +--------+--------+--------+--------+--------+-----+--------+

Top non-repeatable levels by time:
     D:1: 401 daAuts
